 Dungeon Crawl Stone Soup version 0.20-a0-1117-g62da73f (webtiles) character file.

2921 Mesmaeker13 the Nimble (level 9, -11/45 HPs)
             Began as a Deep Elf Ice Elementalist on May 9, 2017.
             Was a Follower of Vehumet.
             Killed from afar by a wizard (53 damage)
             ... with a crystal spear
             ... on level 7 of the Dungeon.
             The game lasted 00:22:08 (8806 turns).

Mesmaeker13 the Nimble (Deep Elf Ice Elementalist)  Turns: 8806, Time: 00:22:08

Health: -11/45     AC:  9    Str:  6    XL:     9   Next: 50%
Magic:  15/20      EV: 18    Int: 23    God:    Vehumet [*.....]
Gold:   457        SH:  0    Dex: 15    Spells: 10/20 levels left

rFire    + + .     SeeInvis .   w - +2 short sword (elec)
rCold    + . .     Gourm    .   (no shield)
rNeg     . . .     Faith    .   e - +2 animal skin
rPois    .         Spirit   .   B - +2 helmet
rElec    .         Reflect  .   A - scarf {rC+ rF+}
rCorr    .         Harm     .   y - +0 pair of gloves
MR       .....                  n - +0 pair of boots
Stlth    ++........             (no amulet)
Regen    0.2/turn               E - ring of protection from fire
MPRegen  0.2/turn               (no ring)

@: no status effects
A: no striking features
a: Renounce Religion


You were on level 7 of the Dungeon.
You worshipped Vehumet.
Vehumet was aware of your devotion.
You were not hungry.

You visited 2 branches of the dungeon, and saw 8 of its levels.
You also visited: Ossuary.

You collected 457 gold pieces.

Inventory:

Hand Weapons
 w - a +2 short sword of electrocution (weapon)
 F - a cursed -1 dagger
Missiles
 f - 30 poisoned needles
Armour
 e - a +2 animal skin (worn)
 n - a +0 pair of boots (worn)
 x - a +3 leather armour of positive energy
 y - a +0 pair of gloves (worn)
 A - a scarf of resistance (worn)
 B - a +2 helmet (worn)
Jewellery
 E - a ring of protection from fire (left hand)
Scrolls
 j - 4 scrolls of immolation {unknown}
 l - 6 scrolls of remove curse
 m - 2 scrolls of enchant weapon {unknown}
 o - a scroll of amnesia {unknown}
 p - 2 scrolls of blinking {unknown}
 r - 6 scrolls of teleportation
 u - a scroll of magic mapping {unknown}
 v - 2 scrolls of fear {unknown}
 D - a scroll of random uselessness {unknown}
 I - a scroll of recharging {unknown}
Potions
 a - a potion of magic {unknown}
 d - 3 potions of mutation
 g - 8 potions of curing
 h - a potion of might
 i - 2 potions of flight
 z - 2 potions of haste {unknown}
 H - a potion of brilliance {unknown}
 J - a potion of agility {unknown}
Books
 b - a book of Frost

   Spells                             Type                      Level
   a - Freeze                         Ice                          1
   b - Throw Frost                    Conjuration/Ice              2
   c - Ozocubu's Armour               Charms/Ice                   3
   d - Throw Icicle                   Conjuration/Ice              4
   e - Summon Ice Beast               Ice/Summoning                4
Comestibles
 c - 2 bread rations
 k - 3 royal jellies
 q - 8 meat rations
 t - 3 fruits


   Skills:
 + Level 0.1 Fighting
 + Level 8.9 Dodging
 - Level 2.4 Stealth
 - Level 6.0 Spellcasting
 + Level 6.8 Conjurations
 - Level 6.0 Charms
 + Level 8.4 Ice Magic


You had 10 spell levels left.
You knew the following spells:

 Your Spells              Type           Power        Failure   Level  Hunger
a - Freeze                Ice            ####         1%          1    None
b - Throw Frost           Conj/Ice       #####.       1%          2    None
c - Ozocubu's Armour      Chrm/Ice       #####...     1%          3    #......
d - Throw Icicle          Conj/Ice       #####...     3%          4    ###....


Dungeon Overview and Level Annotations

Branches:
Dungeon (7/15)             Temple (1/1) D:5

Altars:
Ashenzari
Cheibriados
Dithmenos
Elyvilon
Fedhas
Gozag
Hepliaklqana
Kikubaaqudgha
Makhleb
Nemelex Xobeh
Okawaru
Qazlal
Ru
Sif Muna
Trog
Uskayaw
Vehumet
Wu Jian
Xom
Yredelemnul
The Shining One


Message History

You barely miss the bullfrog.
The bullfrog is severely wounded.
The bullfrog closely misses you.
The wizard shouts!
You hit the bullfrog. Lightning courses through the bullfrog!
You kill the bullfrog!
Vehumet accepts your kill.
The wizard points at you and mumbles some strange words.
You resist with significant effort.
Casting: Freeze
Confirm with . or Enter, or press ? or * to list all spells.
Aiming: Throw Icicle
Press: ? - help, Shift-Dir - straight line, f - wizard
Aim: a wizard, wielding a dagger and wearing a robe The shard of ice hits the wizard.
The wizard is heavily wounded.
The wizard points at you and mumbles some strange words.
The crystal spear hits you!
Ouch! That really hurt!
You die...

.....### #........# ≈#
. .......#
#..........≈ (
.).....####.........
...................#
............)......#
########.............#
#<.......####........#
#############........#
........@...........
###########p.......#
.......... .......##.
........'. ........#.
#.......p# ......#


You could see a wizard.

Vanquished Creatures
  A wizard (D:7)
  Prince Ribbit (D:6)
  2 ice beasts (D:6)
  A sky beast (D:5)
  2 black bears (D:6)
  2 centaurs (D:5)
  An ogre (D:6)
  3 elf zombies (Ossuary)
  3 bullfrogs
  A crimson imp (D:5)
  5 centaur zombies (Ossuary)
  A bullfrog zombie (D:5)
  6 hounds
  An orc priest (D:5)
  3 jellies
  An orc wizard (D:5)
  A centaur skeleton (D:4)
  4 human zombies (Ossuary)
  An iguana (D:5)
  A killer bee zombie (D:5)
  3 worker ants
  A hound skeleton (D:5)
  4 mummies
  Robin (D:3)
  7 adders
  6 gnolls (D:3)
  2 shadow imps (D:5)
  10 oozes
  An adder zombie (D:6)
  2 worms
  2 dart slugs
  6 leopard geckos
  10 orcs
  4 giant cockroaches
  14 goblins
  10 hobgoblins
  3 jackals (D:1)
  3 quokkas
  2 ball pythons (D:3)
  7 bats
  3 frilled lizards
  16 kobolds
  A kobold zombie (D:6)
  An orc zombie (D:6)
  7 rats
167 creatures vanquished.

Vanquished Creatures (others)
  2 fungi (D:2)
  8 toadstools (D:2)
10 creatures vanquished.

Grand Total: 177 creatures vanquished

Notes
Turn   | Place    | Note
-------+----------+-------------------------------------------
     0 | D:1      | Mesmaeker13 the Deep Elf Ice Elementalist began the quest for the Orb.
     0 | D:1      | Reached XP level 1. HP: 10/10 MP: 6/6
   235 | D:1      | Reached XP level 2. HP: 15/15 MP: 5/8
   848 | D:2      | Reached XP level 3. HP: 14/19 MP: 5/9
  1044 | D:2      | Found an ancient bone altar of Kikubaaqudgha.
  1315 | D:2      | Found a hide-covered altar of Uskayaw.
  1551 | D:2      | Reached XP level 4. HP: 24/24 MP: 4/10
  1603 | D:2      | Reached skill level 5 in Ice Magic
  1810 | D:2      | Learned a level 2 spell: Throw Frost
  1885 | D:3      | Reached XP level 5. HP: 26/28 MP: 11/11
  1959 | D:3      | Learned a level 3 spell: Ozocubu's Armour
  2354 | D:3      | Found a basalt altar of Yredelemnul.
  2461 | D:3      | Reached skill level 5 in Dodging
  2461 | D:3      | Reached skill level 1 in Charms
  2685 | D:3      | Noticed Robin
  2692 | D:3      | Killed Robin
  3205 | D:4      | Reached XP level 6. HP: 32/32 MP: 7/12
  3715 | D:4      | Found a radiant altar of Vehumet.
  3718 | D:4      | Became a worshipper of Vehumet
  3918 | D:5      | Entered Level 5 of the Dungeon
  4245 | D:4      | Learned a level 4 spell: Throw Icicle
  4499 | D:5      | Got a thick robe
  4526 | D:4      | Identified the +1 robe of Inlecun {Dex+2} (You found it on level 5 of the Dungeon)
  4644 | D:5      | Reached XP level 7. HP: 34/36 MP: 13/13
  4869 | D:5      | Found an opulent altar of Gozag.
  6008 | D:5      | Found a staircase to the Ecumenical Temple.
  6380 | D:5      | Found a glowing golden altar of the Shining One.
  6396 | D:5      | Reached skill level 5 in Charms
  6396 | D:5      | Reached XP level 8. HP: 31/41 MP: 0/14
  6477 | Temple   | Entered the Ecumenical Temple
  6726 | D:6      | Found a sand-covered staircase.
  6826 | Ossuary  | Entered an ossuary
  7240 | Ossuary  | Reached * piety under Vehumet
  7240 | Ossuary  | Offered knowledge of Flame Tongue by Vehumet.
  7316 | Ossuary  | Reached skill level 5 in Conjurations
  7752 | D:6      | Noticed Prince Ribbit
  7780 | D:6      | Killed Prince Ribbit
  8115 | D:6      | Reached XP level 9. HP: 45/45 MP: 13/18
  8201 | D:6      | Reached skill level 5 in Spellcasting
  8269 | D:6      | Found a shimmering altar of Xom.
  8460 | D:7      | Noticed a wizard
  8460 | D:7      | Noticed an orc sorcerer
  8527 | D:7      | Noticed a wizard
  8531 | D:7      | Killed a wizard
  8806 | D:7      | Killed from afar by a wizard

Vault maps used:
D:1:      minmay_arrival_solitary_statue
D:2:      cheibrodos_fertilizer, eat_drink_and_be_merry_uskayaw,
          nicolae_overflow_hidden_temple, minmay_nonomino_d4
D:3:      yredelemnul_altar_generic, first_bread, uniq_robin
D:4:      kennysheep_mini_moat
D:5:      tso_oasis_becter, minmay_temple_entry_junction, st_stairs_5,
          nicolae_gozag_seed_capital
D:6:      nicolae_ossuary_entry_giza, basic_altar, grunt_decor_mini_mirrors,
          uniq_prince_ribbit1
D:7:      cheibrodos_wizards_tower, serial_shops,
          nicolae_shop_overgrown_old_shop, uniq_pikel, uniq_crazy_yiuf_cottage
Temple:   eino_temple_rhombus
Ossuary:  ossuary_minmay_four_chambers

Skill      XL: |  1  2  3  4  5  6  7  8  9 |
---------------+----------------------------+-----
Dodging        | 3 4 5 6 8 |  8.9
Ice Magic      | 4 5 6 7 8 |  8.4
Charms         | 1 3 5 6 |  6.0
Conjurations   | 2 3 4 5 6 |  6.8
Spellcasting   | 4 6 |  6.0
Fighting       | |  0.1
Stealth        | |  2.4

Action                   |  1- 3 |  4- 6 |  7- 9 || total
-------------------------+-------+-------+-------++-------
Melee: Dagger            |    23 |       |       ||    23
       Short sword       |     1 |   112 |   201 ||   314
 Cast: Freeze            |    60 |    74 |    45 ||   179
       Throw Frost       |       |    24 |    19 ||    43
       Ozocubu's Armour  |       |     2 |     5 ||     7
       Throw Icicle      |       |     2 |    33 ||    35
  Use: Scroll            |       |     2 |     5 ||     7
       Potion            |       |       |     2 ||     2
 Stab: Sleeping          |     1 |     3 |       ||     4
       Distracted        |       |     1 |       ||     1
  Eat: Chunk             |     2 |    11 |    11 ||    24
       Bread ration      |       |       |     2 ||     2
Armor: Robe              |    18 |     7 |       ||    25
       Animal skin       |       |    22 |    67 ||    89
Dodge: Dodged            |    60 |   116 |   168 ||   344
